 Dungeon Crawl Stone Soup version 0.27-a0-604-g29a88b33a7 (webtiles) character file.

Game seed: 9001777108464899404

7079 jestyr24 the Destroyer (level 10, -7/86 HPs)
             Began as a Yellow Draconian Conjurer on Mar 12, 2021.
             Was an Elder of Vehumet.
             Mangled by Erolcha
             ... wielding a +0 giant spiked club
              (31 damage)
             ... on level 9 of the Dungeon.
             The game lasted 01:18:47 (12172 turns).

jestyr24 the Destroyer (Yellow Draconian Conjurer) Turns: 12172, Time: 01:18:48

Health: -7/86      AC:  9    Str: 16    XL:     10   Next: 84%
Magic:  18/31      EV: 12    Int: 22    God:    Vehumet [****..]
Gold:   728        SH:  9    Dex:  9    Spells: 18/26 levels left

rFire    . . .     SeeInvis .   a - +5 dagger
rCold    . . .     Faith    .   l - +0 buckler
rNeg     . . .     Spirit   .   (armour unavailable)
rPois    .         Reflect  +   (helmet currently unavailable)
rElec    .         Harm     .   K - +0 cloak
rCorr    +         Rampage  .   V - +0 pair of gloves
Will     .....                  (boots currently unavailable)
Stlth    +++.......             H - amulet of reflection
HPRegen  0.24/turn              z - +6 ring of strength
MPRegen  0.22/turn              i - ring of magical power

@: lethally poisoned (-7 -> -9), about to teleport, appendages
A: spit acid, unfitting armour, horns 2, talons 2, cold-blooded, acid
resistance, AC +7
a: Breathe Acid, End Transformation, Renounce Religion


You were on level 9 of the Dungeon.
You worshipped Vehumet.
Vehumet was greatly pleased with you.
You had grown temporary horns.
You had grown temporary talons.
You visited 1 branch of the dungeon, and saw 9 of its levels.

You collected 728 gold pieces.

Inventory:

Hand Weapons
 a - a +5 dagger (weapon)
 b - a +1 vorpal shortbow
 o - a +1 dagger of speed
 p - a +1 dagger of protection
 R - a +0 quarterstaff of pain
Missiles
 d - 208 stones (quivered)
 h - 8 curare-tipped darts
 y - 2 throwing nets
 C - 40 poisoned darts
 E - 125 arrows
 G - 7 javelins
 P - 6 boomerangs
Armour
 l - a +0 buckler (worn)
 K - a +0 cloak (worn)
 O - a +2 pair of boots (melded)
 V - a +0 pair of gloves (worn)
Jewellery
 i - a ring of magical power (left hand)
 s - a ring of see invisible
 z - a +6 ring of strength (right hand)
 H - an amulet of reflection (around neck)
 N - a ring of poison resistance
Wands
 k - a wand of digging (10)
 x - a wand of paralysis (8)
 Q - a wand of random effects (24)
 S - a wand of iceblast (13)
Scrolls
 e - 2 scrolls of fear
 f - 3 scrolls of teleportation
 g - 4 scrolls of enchant weapon
 u - 3 scrolls of fog
 v - a scroll of immolation
 A - a scroll of blinking
 D - 7 scrolls of identify
 F - a scroll of enchant armour {unknown}
 I - a scroll of magic mapping
 J - a scroll of noise {unknown}
 U - a scroll of torment {unknown}
Potions
 c - 2 potions of flight {unknown}
 j - a potion of attraction {unknown}
 m - 3 potions of curing {unknown}
 n - a potion of brilliance {unknown}
 q - a potion of ambrosia {unknown}
 r - a potion of invisibility {unknown}
 t - 5 potions of heal wounds
 w - a potion of berserk rage
 B - 2 potions of magic {unknown}
 L - a potion of lignification {unknown}
 M - a potion of degeneration {unknown}
 T - a potion of resistance {unknown}


   Skills:
 + Level 7.0 Fighting
 - Level 2.2 Dodging
 + Level 5.0 Stealth
 - Level 4.2 Shields
 + Level 8.8 Spellcasting
 + Level 9.9 Conjurations
 + Level 3.5 Hexes
 + Level 2.3 Transmutations


You had 18 spell levels left.
You knew the following spells:

 Your Spells              Type           Power      Damage    Failure   Level
a - Magic Dart            Conj           100%       1d8       1%          1
b - Searing Ray           Conj           100%       3d7       1%          2
c - Beastly Appendage     Tmut           38%        N/A       2%          1
d - Fulminant Prism       Conj/Hex       19%        3d11      1%          4

Your spell library contained the following spells:

 Spells                   Type           Power      Damage    Failure   Level
 Iskenderun's Battlesphe  Conj           52%        2d10      1%          5
 Conjure Flame            Conj/Fire      31%        6-21      1%          3
 Dazzling Flash           Conj/Hex       78%        N/A       1%          3
 Mephitic Cloud           Conj/Pois/Air  24%        N/A       1%          3
 Slow                     Hex            25%        N/A       2%          2
 Iskenderun's Mystic Bla  Conj/Tloc      31%        2d8       2%          4
 Wereblood                Tmut           19%        N/A       4%          2
 Blink                    Tloc           N/A        N/A       11%         2
 Call Imp                 Summ           9%         N/A       11%         2
 Spider Form              Tmut/Pois      7%         N/A       13%         3
 Ice Form                 Ice/Tmut       14%        N/A       38%         4
 Blade Hands              Tmut           9%         N/A       58%         5


Dungeon Overview and Level Annotations

Branches:
Dungeon (9/15)             Temple (0/1) D:5            Lair (0/6) D:8
    Orc (0/2) D:9

Altars:
Dithmenos
Fedhas
Gozag
Kikubaaqudgha
Qazlal
Trog
Uskayaw
Vehumet
Wu Jian

Shops:
D:7 *

Annotations:
D:6 srzhan31's ghost, novice GrCj
D:9 2 transporters, Erolcha; greynaab's ghost, novice GnAr


Innate Abilities, Weirdness & Mutations

You can spit globs of acid.
Your golden yellow scales are hard. (AC +7)
You cannot fit into any form of body armour.
You are cold-blooded and may be slowed by cold attacks.
You are resistant to acid. (rCorr)
You have a pair of horns on your head.
You have razor-sharp toenails.


Message History

Erolcha zaps a wand.
The puff of flame hits you but does no damage.
Casting: Beastly Appendage (safe; 2% risk of failure)
Confirm with . or Enter, or press ? or * to list all spells.
Aiming: Fulminant Prism (mildly dangerous; 1% risk of failure)
Press: ? - help, Dir - move target, p - Erolcha You conjure a prism of explosive energy!
A fulminant prism comes into view.
You feel sick.
A jackal comes into view.
Maggie closely misses you.
Maggie hits your fulminant prism with a +0 war axe.
You block Erolcha's attack.
You feel sick. You block the jackal's attack.
The jackal bites you but does no damage.
Maggie gestures wildly while chanting.
Maggie draws you further into her thrall.
Your fulminant prism crackles loudly.
You cannot move away from Maggie!
You hit Maggie. You tail-slap Maggie, but do no damage.
Maggie is severely wounded.
The jackal bites you but does no damage.
Maggie casts a spell at you. The bolt of fire hits you!
Erolcha gestures at herself while chanting.
Erolcha flickers and vanishes!
Deactivating autopickup; reactivate with Ctrl-A.
Your fulminant prism explodes!
The blast of energy engulfs something!!
The blast of energy engulfs Maggie!!
You break out of your daze!
You kill Maggie!
Vehumet accepts your kill.
You feel your power returning. The blast of energy engulfs you!!
* * * LOW HITPOINT WARNING * * *
Your Stealth skill increases to level 5!
As you read the scroll of teleportation, it crumbles to dust.
You feel strangely unstable.
You feel sick. You block the jackal's attack.
The jackal bites you but does no damage.
Something hits you!!
You die...

...
#..##$_....©#.#
.. ... #..
≈??$##..#.# ..
.... #.##..#
####.# ## .....
#..CW### #..#
...>.#
......###.##
.....###yT.###..#
#...#####...##
..###hh.{...###
.........@).###
....####...## ..
#####


You could see a moth of wrath, a cyclops, a troll, greynaab's ghost and 2
jackals.

Vanquished Creatures
  An ugly thing (D:8)
  Joseph (D:7)
  Maggie (D:9)
  4 komodo dragons (D:8)
  A hornet (D:8)
  A shadow (D:9)
  2 wyverns (D:8)
  A water moccasin (D:9)
  2 ice beasts
  Duvessa (D:7)
  A swamp drake (D:8)
  2 black bears
  2 orc warriors
  5 ogres
  4 centaurs
  4 phantoms
  4 kobold brigands
  Blork the orc (D:4)
  2 bullfrogs
  2 wyvern skeletons
  5 scorpions
  A water moccasin skeleton (D:7)
  3 killer bees (D:7)
  Dowan (D:7)
  2 bullfrog zombies
  A quasit (D:8)
  3 hounds
  A centaur skeleton (D:4)
  7 orc priests
  5 iguanas
  8 orc wizards
  9 worker ants
  A bullfrog simulacrum (D:6)
  6 ogre zombies (D:9)
  A hound skeleton (D:6)
  2 worker ant zombies
  4 gnolls (D:4)
  8 adders
  A shadow imp (D:8)
  2 white imps (D:6)
  3 ufetubi
  An ooze (D:2)
  An adder zombie (D:6)
  3 adder skeletons
  A dart slug (D:1)
  5 leopard geckos
  31 orcs
  8 bats
  7 giant cockroaches
  8 goblins
  12 hobgoblins
  13 jackals
  14 kobolds
  4 quokkas
  3 ball pythons
  2 frilled lizards
  A goblin skeleton (D:9)
  4 goblin zombies (D:9)
  4 hobgoblin zombies (D:9)
  2 jackal skeletons
  2 leopard gecko skeletons
  2 orc skeletons (D:9)
  6 orc zombies (D:9)
  4 rats
254 creatures vanquished.

Vanquished Creatures (collateral kills)
  A bullfrog (D:7)
1 creature vanquished.

Vanquished Creatures (others)
  17 fulminant prisms
17 creatures vanquished.

Grand Total: 272 creatures vanquished

Notes
Turn   | Place    | Note
-------+----------+-------------------------------------------
     0 | D:1      | jestyr24 the Draconian Conjurer began the quest for the
                  | Orb.
     0 | D:1      | Reached XP level 1. HP: 14/14 MP: 3/3
   249 | D:1      | Reached XP level 2. HP: 14/20 MP: 0/5
   252 | D:1      | Learned a level 2 spell: Searing Ray
  1023 | D:1      | Reached XP level 3. HP: 16/27 MP: 6/6
  1578 | D:2      | Found a radiant altar of Vehumet.
  1586 | D:2      | Became a worshipper of Vehumet
  2064 | D:2      | Reached skill level 1 in Fighting
  2112 | D:2      | Reached XP level 4. HP: 35/35 MP: 5/7
  2879 | D:3      | Reached skill level 1 in Shields
  3561 | D:4      | Reached XP level 5. HP: 37/42 MP: 8/8
  3590 | D:4      | Found an opulent altar of Gozag.
  3592 | D:4      | Found a stormy altar of Qazlal.
  3659 | D:4      | Reached * piety under Vehumet
  3659 | D:4      | Offered knowledge of Shock by Vehumet.
  4134 | D:4      | Reached XP level 6. HP: 50/51 MP: 4/9
  4463 | D:4      | Noticed Blork the orc
  4471 | D:4      | Killed Blork the orc
  4627 | D:4      | Your scales start taking on a golden yellow colour.
  4627 | D:4      | Reached XP level 7. HP: 40/60 MP: 2/10
  4627 | D:4      | Gained mutation: You are resistant to acid. (rCorr) [Yellow
                  | Draconian growth]
  5013 | D:4      | Reached skill level 5 in Fighting
  5222 | D:5      | Entered Level 5 of the Dungeon
  5365 | D:5      | Reached skill level 5 in Conjurations
  5779 | D:5      | Found a staircase to the Ecumenical Temple.
  6352 | D:5      | Learned a level 1 spell: Beastly Appendage
  6537 | D:6      | Reached ** piety under Vehumet
  6549 | D:6      | Reached skill level 1 in Transmutations
  6725 | D:6      | Offered knowledge of Sandblast by Vehumet.
  6839 | D:6      | Reached XP level 8. HP: 70/70 MP: 8/13
  7255 | D:6      | Found a runed translucent gate.
  7255 | D:6      | Found a runed translucent gate.
  7255 | D:6      | Found a runed translucent gate.
  7259 | D:6      | Noticed srzhan31's ghost (novice GrCj)
  7738 | D:6      | Reached skill level 6 in Conjurations
  7979 | D:6      | Learned a level 4 spell: Fulminant Prism
  8157 | D:7      | Reached skill level 1 in Hexes
  8202 | D:7      | Reached skill level 5 in Spellcasting
  8316 | D:7      | Reached XP level 9. HP: 66/75 MP: 6/16
  8495 | D:7      | Offered knowledge of Frozen Ramparts by Vehumet.
  8517 | D:7      | Noticed Joseph
  8683 | D:7      | Killed Joseph
  8684 | D:7      | Reached skill level 7 in Conjurations
  8903 | D:7      | Found Temona's General Store.
  8977 | D:7      | Noticed Duvessa
  8980 | D:7      | Noticed Dowan
  8985 | D:7      | Killed Dowan
  8985 | D:7      | Reached *** piety under Vehumet
  8990 | D:7      | Killed Duvessa
  9247 | D:7      | Found an ancient bone altar of Kikubaaqudgha.
  9247 | D:7      | Found a blossoming altar of Fedhas.
  9248 | D:7      | Found a hide-covered altar of Uskayaw.
  9276 | D:7      | Found an ornate altar of the Wu Jian Council.
  9532 | D:7      | Found a shadowy altar of Dithmenos.
  9772 | D:8      | Offered knowledge of Static Discharge by Vehumet.
  9988 | D:8      | Reached skill level 8 in Conjurations
 10311 | D:8      | Reached XP level 10. HP: 84/84 MP: 20/20
 10870 | D:8      | Found a staircase to the Lair.
 10963 | D:8      | Reached skill level 9 in Conjurations
 11169 | D:9      | Noticed a white ugly thing
 11179 | D:8      | Killed a white ugly thing
 11581 | D:9      | Reached **** piety under Vehumet
 11604 | D:9      | Offered knowledge of Iskenderun's Battlesphere by Vehumet.
 11872 | D:9      | Found a staircase to the Orcish Mines.
 12127 | D:9      | Noticed greynaab's ghost (novice GnAr)
 12128 | D:9      | Found a bloodstained altar of Trog.
 12128 | D:9      | Found a transporter.
 12143 | D:9      | Found a transporter.
 12146 | D:9      | Noticed a moth of wrath
 12150 | D:9      | Noticed Erolcha
 12151 | D:9      | Noticed Maggie
 12167 | D:9      | Noticed a cyclops
 12171 | D:9      | Killed Maggie
 12172 | D:9      | Reached skill level 5 in Stealth
 12172 | D:9      | Mangled by Erolcha

Illustrated notes

Levels and vault maps discovered:
D:1:      arrival_zaba_pyramid, layout_rooms, chequers_decorated_corner,
          chequers_serial_rivers_room_a
D:2:      layout_basic, nicolae_overflow_crystal_walls
D:3:      layout_basic
D:4:      layout_basic, minitemple, uniq_blork_the_orc
D:5:      layout_gridville, minmay_temple_entry_steel_oval
D:6:      layout_basic, gammafunk_ghost_split
D:7:      layout_basic, pdpol_wu_jian_five_deadly_venoms,
          nicolae_overflow_hidden_temple,
          chequers_temple_overflow_statue_of_worship, serial_shops, shop,
          uniq_duvessa, uniq_joseph
D:8:      layout_basic, erik_lair_dragon
D:9:      layout_rooms, grunt_temple_overflow_champion_of_chaos,
          zombieorc1_lemuel, gammafunk_ghost_wrathful_warriors, uniq_maggie,
          uniq_erolcha

Skill      XL: |  1  2  3  4  5  6  7  8  9 10 |
---------------+-------------------------------+-----
Dodging        | 2 |  2.2
Stealth        | 2 3 4 5 |  5.0
Fighting       | 1 2 3 4 5 6 7 |  7.0
Shields        | 1 3 4 |  4.2
Conjurations   | 5 6 8 9 |  9.9
Spellcasting   | 3 5 7 8 |  8.8
Transmutations | 1 2 |  2.3
Hexes          | 1 3 |  3.5

Action                   |  1- 3 |  4- 6 |  7- 9 | 10-12 || total
-------------------------+-------+-------+-------+-------++-------
Melee: Unarmed           |     8 |       |       |       ||     8
       Dagger            |    22 |    92 |    68 |    13 ||   195
       Tailslap          |     4 |    10 |     2 |     2 ||    18
       Kick              |       |       |     1 |       ||     1
       Headbutt          |       |       |       |     1 ||     1
Throw: Stone             |       |     3 |     1 |       ||     4
 Cast: Magic Dart        |    78 |    13 |   110 |    55 ||   256
       Searing Ray       |     8 |    17 |    71 |    46 ||   142
       Beastly Appendage |       |       |     1 |     3 ||     4
       Fulminant Prism   |       |       |     7 |    10 ||    17
 Abil: Breathe Acid      |       |       |     4 |       ||     4
  Use: Scroll            |       |       |    12 |     1 ||    13
 Stab: Sleeping          |       |       |     2 |       ||     2
       Distracted        |       |       |     1 |       ||     1
Armor: Skin              |    13 |    35 |    42 |    28 ||   118
Dodge: Dodged            |    39 |    66 |    61 |    33 ||   199
Block: Buckler           |       |    19 |    46 |    27 ||    92
       Reflection        |       |       |     4 |       ||     4

Table legend: (Time is in decaauts)
 A = Elapsed time spent in this place.
 B = Non-inter-level travel time spent in this place.
 C = Inter-level travel time spent in this place.
 D = Time resting spent in this place.
 E = Time spent auto-exploring this place.
 F = Levels seen in this place.
 G = Mean time per level.
                   A        B        C        D        E       F      G
               +--------+--------+--------+--------+--------+-----+--------+
         Total |  12175 |  11902 |    273 |   3360 |   6141 |   9 | 1352.8 |
       Dungeon |  12175 |  11902 |    273 |   3360 |   6141 |   9 | 1352.8 |
               +--------+--------+--------+--------+--------+-----+--------+

Top non-repeatable levels by time:
     D:6: 1831 daAuts
     D:8: 1781 daAuts
     D:4: 1737 daAuts
     D:7: 1484 daAuts
     D:1: 1311 daAuts
     D:2: 1250 daAuts
     D:5: 1130 daAuts
     D:3: 925 daAuts
     D:9: 723 daAuts
